 Dungeon Crawl Stone Soup version 0.29-a0-887-gcbe080d7e0 (webtiles) character file.

Game seed: 15244606098298485745

219674 flyleaff the Fetichist (level 19, -1/155 HPs)
             Began as a Gnoll Wanderer on July 17, 2022.
             Was a High Priest of Sif Muna.
             Drowned by a water nymph (13 damage)
             ... on level 4 of the Shoals on July 22, 2022.
             The game lasted 04:23:07 (49927 turns).

flyleaff the Fetichist (Gnoll Wanderer)            Turns: 49927, Time: 04:23:08

Health: -1/155     AC: 17    Str: 20      XL:     19   Next: 15%
Magic:  32/36      EV: 19    Int: 36 (38) God:    Sif Muna [*****.]
Gold:   1083       SH:  0    Dex: 16      Spells: 2/44 levels left

rFire   + + +      SeeInvis +   t - +5 dagger "Omiargh" {freeze, rPois Dex+5}
rCold   . . .      Faith    .   (no shield)
rNeg    + . .      Spirit   .   Q - +1 robe "Kuggefuast" {Rampage rN+ Int+7}
rPois   +          Reflect  +   u - +2 helmet {SInv}
rElec   .          Harm     .   V - +1 cloak of Atheism {rF+ Will+ Str+3 Dex-4}
rCorr   +          Rampage  +   f - +2 pair of gloves
Will    ++...                   X - +2 pair of boots {Stlth+}
Stlth   +++.......              k - amulet of reflection
HPRegen 0.35/turn               v - ring "Piahad" {rC+ rCorr}
MPRegen 0.25/turn               E - ring "Ramep" {rF+++ rC- Str+6 Int+9 Dex+3}

@: confused, lethally poisoned (-1 -> -17), ambrosia-drunk, animating dead,
mesmerised
A: fangs 1, strong nose, distributed training, clever 1, poison resistance
}: 1/15 runes: gossamer
a: Renounce Religion, Channel Magic, Forget Spell, Divine Exegesis


You were on level 4 of the Shoals.
You worshipped Sif Muna.
Sif Muna was extremely pleased with you.
You visited 5 branches of the dungeon, and saw 31 of its levels.
You also visited: Sewer, Bailey and Volcano.

You collected 2685 gold pieces.
You spent 1602 gold pieces at shops.

Inventory:

Hand Weapons
 t - the +5 dagger "Omiargh" (weapon) {freeze, rPois Dex+5}
   (You found it on level 1 of the Spider Nest)

   It freezes those it strikes, dealing additional cold damage.
   It can also slow down cold-blooded creatures.
   Dex:       It affects your dexterity (+5).
   rPois:     It protects you from poison.
Missiles
 a - 2 atropa-tipped darts
 d - 23 boomerangs
 g - 54 poisoned darts (quivered)
 j - a throwing net
 m - 4 boomerangs of dispersal
 s - a silver boomerang
 H - 14 silver javelins
Armour
 f - a +2 pair of gloves (worn)
 u - a +2 helmet of see invisible (worn)
 y - an orb of energy
 Q - the +1 robe "Kuggefuast" (worn) {Rampage rN+ Int+7}
   (You found it in a bailey)

   Int:       It affects your intelligence (+7).
   rN:        It protects you from negative energy.
   Rampage:   It bestows one free step when moving towards enemies.
 V - the +1 cloak of Atheism (worn) {rF+ Will+ Str+3 Dex-4}
   (You found it in a bailey)

   Str:       It affects your strength (+3).
   Dex:       It affects your dexterity (-4).
   rF:        It protects you from fire.
   Will:      It increases your willpower.
 X - a +2 pair of boots of stealth (worn)
Jewellery
 k - an amulet of reflection (around neck)
 v - the ring "Piahad" (left hand) {rC+ rCorr}
   (You bought it in a shop on level 4 of the Dungeon)

   [ring of resist corrosion]

   rC:        It protects you from cold.
   rCorr:     It protects you from acid and corrosion.
 E - the ring "Ramep" (right hand) {rF+++ rC- Str+6 Int+9 Dex+3}
   (You bought it in a shop on level 4 of the Dungeon)

   [ring of strength]

   Str:       It affects your strength (+6).
   Int:       It affects your intelligence (+9).
   Dex:       It affects your dexterity (+3).
   rF:        It renders you almost immune to fire.
   rC:        It makes you vulnerable to cold.
 I - an amulet of magic regeneration
 M - an amulet of the acrobat
Wands
 r - a wand of digging (3)
 C - a wand of flame (26)
 L - a wand of iceblast (24)
 N - a wand of paralysis (12)
 W - a wand of acid (6)
Scrolls
 c - a scroll of enchant armour
 e - 6 scrolls of fog
 h - 12 scrolls of identify
 i - a scroll of enchant weapon
 n - a scroll of magic mapping
 q - 6 scrolls of teleportation
 w - a scroll of poison
 x - a scroll of immolation
 R - 2 scrolls of amnesia
Potions
 l - 3 potions of might
 o - a potion of mutation
 p - 4 potions of lignification
 z - 8 potions of brilliance
 A - a potion of haste
 B - 13 potions of curing
 D - 7 potions of flight
 G - 2 potions of ambrosia
 J - 2 potions of berserk rage
 K - 3 potions of heal wounds
 P - 2 potions of magic
Miscellaneous
 b - a lightning rod (3/4)
 F - a tin of tremorstones (2/2)
 O - a box of beasts (inert)
 T - a phial of floods


   Skills:
 + Level 15.5 Fighting
 + Level 13.3 Short Blades
 + Level 13.5 Long Blades
 + Level 13.3 Axes
 + Level 13.3 Maces & Flails
 + Level 13.3 Polearms
 + Level 13.3 Staves
 + Level 13.3 Ranged Weapons
 + Level 13.3 Throwing
 + Level 13.5 Armour
 + Level 13.3 Dodging
 + Level 13.3 Stealth
 + Level 13.3 Shields
 + Level 13.3 Unarmed Combat
 + Level 13.3 Spellcasting
 + Level 11.3 Conjurations
 + Level 11.3 Hexes
 + Level 11.3 Summonings
 + Level 11.3 Necromancy
 + Level 11.3 Translocations
 + Level 11.3 Transmutations
 + Level 11.3 Fire Magic
 + Level 11.3 Ice Magic
 + Level 11.3 Air Magic
 + Level 11.3 Earth Magic
 + Level 11.3 Poison Magic
 + Level 14.4 Invocations
 + Level 15.5 Evocations


You had 2 spell levels left.
You knew the following spells:

 Your Spells              Type           Power      Damage    Failure   Level
a - Summon Cactus Giant   Summ           40%        N/A       2%          6
b - Metabolic Englaciati  Hex/Ice        40%        N/A       1%          5
c - Iron Shot             Conj/Erth      40%        9d8       2%          6
d - Spellforged Servitor  Conj/Summ      40%        N/A       14%         7
e - Animate Dead          Necr           81%        N/A       1%          4
g - Flame Wave            Conj/Fire      81%        2d14      1%          4
h - Freezing Cloud        Conj/Ice/Air   40%        6-21      1%          5
i - Borgnjor's Vile Clut  Necr/Erth      40%        N/A       1%          5

Your spell library contained the following spells:

 Spells                   Type           Power      Damage    Failure   Level
 Apportation              Tloc           100%       N/A       0%          1
 Beastly Appendage        Tmut           100%       N/A       0%          1
 Freeze                   Ice            100%       1d11      0%          1
 Magic Dart               Conj           100%       1d8       0%          1
 Necrotise                Necr           100%       1d9       0%          1
 Shock                    Conj/Air       100%       1d9       0%          1
 Slow                     Hex            100%       N/A       0%          1
 Poisonous Vapours        Pois/Air       100%       N/A       1%          2
 Scorch                   Fire           100%       2d10      1%          2
 Searing Ray              Conj           100%       2d8       1%          2
 Sublimation of Blood     Necr           81%        N/A       1%          2
 Wereblood                Tmut           81%        N/A       1%          2
 Confusing Touch          Hex            81%        N/A       1%          3
 Frozen Ramparts          Ice            100%       1d12      1%          3
 Gell's Gravitas          Tloc           81%        N/A       1%          3
 Ignite Poison            Fire/Tmut/Pois 81%        N/A       1%          3
 Inner Flame              Hex/Fire       81%        N/A       1%          3
 Lesser Beckoning         Tloc           81%        N/A       1%          3
 Ozocubu's Armour         Ice            81%        N/A       1%          3
 Portal Projectile        Hex/Tloc       100%       N/A       1%          3
 Spider Form              Tmut/Pois      81%        N/A       1%          3
 Stone Arrow              Conj/Erth      100%       3d13      1%          3
 Teleport Other           Tloc           81%        N/A       1%          3
 Vampiric Draining        Necr           81%        2d11      1%          3
 Anguish                  Hex/Necr       40%        N/A       1%          4
 Corpse Rot               Necr/Pois/Air  81%        N/A       1%          4
 Dispel Undead            Necr           81%        3d26      1%          4
 Fulminant Prism          Conj/Hex       40%        3d20      1%          4
 Hailstorm                Conj/Ice       81%        3d16      1%          4
 Iskenderun's Mystic Bla  Conj/Tloc      81%        2d16      1%          4
 Leda's Liquefaction      Hex/Erth       40%        N/A       1%          4
 Petrify                  Tmut/Erth      81%        N/A       1%          4
 Summon Ice Beast         Ice/Summ       81%        N/A       1%          4
 Alistair's Intoxication  Tmut/Pois      54%        N/A       1%          5
 Fireball                 Conj/Fire      40%        3d16      1%          5
 Iskenderun's Battlesphe  Conj           81%        2d13      1%          5
 Lee's Rapid Deconstruct  Erth           40%        3d21*     1%          5
 Lightning Bolt           Conj/Air       40%        1d59      1%          5
 Summon Forest            Summ/Tloc      40%        N/A       1%          5
 Summon Mana Viper        Hex/Summ       81%        N/A       1%          5
 Conjure Ball Lightning   Conj/Air       40%        3x3d13    2%          6
 Death Channel            Necr           40%        N/A       2%          6
 Dispersal                Tloc           40%        N/A       2%          6
 Eringya's Noxious Bog    Tmut/Pois      40%        N/A       2%          6
 Statue Form              Tmut/Erth      54%        N/A       2%          6
 Malign Gateway           Summ/Tloc      40%        N/A       14%         7
 Monstrous Menagerie      Summ           40%        N/A       14%         7
 Summon Hydra             Summ           40%        N/A       14%         7
 Discord                  Hex            40%        N/A       71%         8
 Disjunction              Tloc           40%        N/A       71%         8
 Lehudib's Crystal Spear  Conj/Erth      40%        10d10     71%         8
 Chain Lightning          Conj/Air       40%        3d54      100%        9
 Fire Storm               Conj/Fire      40%        8d10      100%        9


Dungeon Overview and Level Annotations

Branches:
Dungeon (15/15)            Temple (0/1) D:5            Lair (6/6) D:11
 Shoals (4/4) Lair:4       Spider (4/4) Lair:3        Slime (0/5) Lair:6
    Orc (2/2) D:9             Elf (0/3) Orc:2        Vaults (0/5) D:13
 Depths (0/4) D:15          Sewer (visited)          Bailey (visited)
Volcano (visited)

Altars:
Ashenzari
Dithmenos
Elyvilon
Fedhas
Hepliaklqana
Kikubaaqudgha
Makhleb
Nemelex Xobeh
Qazlal
Ru
Sif Muna
Uskayaw
Vehumet
Wu Jian
Xom
Yredelemnul
Jiyva
Lugonu

Shops:
D:4 =   D:7 :   Orc:2 *([*   Shoals:3 [

Portals:
Abyss: Lair:6


Innate Abilities, Weirdness & Mutations

You have very sharp teeth.
Your uncanny sense of smell can sniff out nearby items.
Your experience applies equally to all skills.
Your mind is acute. (Int +4, Str/Dex -1)
Your system is resistant to poisons. (rPois)


Message History

Your sea snake zombie closely misses the sea snake.
The merfolk siren chants its luring song.
The sea snake bites you!
* * * LOW HITPOINT WARNING * * *
Unknown command.
Unknown command.
Unknown command.
Unknown command.
Unknown command.
Unknown command.
You feel very sick.
Your sea snake zombie misses the sea snake.
The sea snake bites you!
* * * LOW HITPOINT WARNING * * *
Your sea snake zombie bites the sea snake!
The water nymph touches you!
* * * LOW HITPOINT WARNING * * *
The water nymph drowns you!
* * * LOW HITPOINT WARNING * * *
The merfolk siren chants its luring song.
The sea snake closely misses you.
Unknown command.
Unknown command.
Unknown command.
Unknown command.
Unknown command.
You feel much better.
* * * LOW HITPOINT WARNING * * *
You feel very sick.
Your spellforged servitor points at the sea snake and mumbles some strange words.
The iron shot hits the sea snake!!!
The sea snake bites your spellforged servitor!
Your sea snake zombie bites the sea snake!
Your cactus giant hits the sea snake with a +0 giant spiked club!!
The sea snake dies!
Sif Muna accepts your kill.
The dead are slithering!
The sea snake completely misses your sea snake zombie.
The water nymph touches you. The water nymph drowns you!
You die...

≈≈≈≈≈≈≈≈≈≈≈≈≈≈≈≈
≈≈≈≈≈≈..≈≈≈≈≈≈≈≈≈
≈≈≈≈≈....≈≈≈≈≈≈≈≈
≈≈≈≈≈.....≈≈≈≈≈≈≈
≈≈≈≈≈.....≈≈≈≈≈PP
≈≈≈≈≈≈..Z.P.....P
≈≈≈≈≈≈≈≈..≈≈.....
≈≈≈≈≈≈≈C≈Sm≈...m.
≈≈##≈#9Z@Z≈.....
# #ZZ........
#.)#≈........
.≈.(.#≈.......≈
#.#.##.........
.∆.≈ ##........
.#. #≈....... .≈.
≈≈.......


You could see a sea snake (distracted, ally target), a merfolk siren
(mesmerising), a water nymph, a friendly spellforged servitor (summoned), a
friendly cactus giant (summoned), 3 friendly sea snake zombies and 2 friendly
merfolk zombies.

Vanquished Creatures
  Gastronok (Lair:2)
  Roxanne (Shoals:2)
  2 ghost moths (Spider:4)
  An orc warlord (Orc:1)
  6 emperor scorpions (Spider:4)
  The ghost of Ithra the Warrior, a journeyman OgTm of Makhleb (Lair:4)
  3 entropy weavers
  A red draconian (Volcano)
  A merfolk javelineer (Shoals:3)
  A merfolk impaler (Shoals:2)
  4 boulder beetles
  A merfolk avatar (Shoals:4)
  5 two-headed ogres
  A merfolk aquamancer (Shoals:3)
  4 catoblepae
  8 hydras
  2 centaur warriors
  2 radroaches (Spider:2)
  A tengu warrior (D:13)
  A nameless horror (D:15)
  5 death yaks
  Urug (D:13)
  3 thrashing horrors (Lair:6)
  2 orc high priests (Orc:2)
  Nergalle (Lair:2)
  Amaemon (Lair:2)
  A salamander mystic (Volcano)
  A sun moth (Spider:4)
  A deep troll (shapeshifter) (D:15)
  4 sea snakes
  A pharaoh ant (Spider:1)
  4 steelbarb worms
  A deep troll (D:15)
  14 orb spiders
  3 harpies (Shoals:1)
  2 wizards
  5 orc knights
  2 lindwurms
  4 deep elf pyromancers
  A wolf spider zombie (Spider:1)
  6 spectral wolf spiders (Spider:1)
  A mana viper (shapeshifter) (D:14)
  6 cyclopes
  9 wolf spiders
  8 ugly things
  6 manticores
  2 fauns
  4 slime creatures
  6 orc sorcerers
  13 elephants
  2 moths of wrath
  4 salamanders (Volcano)
  Joseph (D:8)
  7 black mambas
  4 merfolk sirens
  A molten gargoyle (Volcano)
  4 gargoyles
  An eye of devastation (D:15)
  A smoke demon (Lair:6)
  A water nymph (Shoals:2)
  2 torpor snails (Lair:6)
  2 demonic crawlers
  14 cane toads
  2 unseen horrors (D:10)
  3 rime drakes
  Psyche (D:8)
  A rime drake (shapeshifter) (D:14)
  A sea snake zombie (Shoals:1)
  12 komodo dragons
  2 tengu conjurers
  An ancient zyme (Lair:6)
  8 trolls
  12 merfolk
  11 meliai
  Prince Ribbit (D:5)
  A jumping spider zombie (Spider:1)
  3 wolf spider simulacra (Spider:1)
  18 tarantellas
  12 blink frogs
  3 snapping turtles
  4 dream sheep
  A culicivora zombie (Spider:3)
  A spriggan (shapeshifter) (D:13)
  Sigmund (D:6)
  6 jumping spiders
  A vampire (Bailey)
  A shadow (D:12)
  2 wraiths (D:11)
  11 culicivoras
  4 wyverns
  4 ynoxinuls (Lair:6)
  2 water elementals (Shoals:3)
  33 yaks
  Grum (D:8)
  5 fire bats
  2 chaos spawn (Lair:6)
  3 golden eyes (D:15)
  3 basilisks
  6 vampire mosquitoes
  50 redbacks
  A human zombie (D:13)
  A warg (Orc:1)
  Edmund (D:6)
  2 acid dragons
  11 water moccasins
  A floating eye (Lair:6)
  A floating eye (shapeshifter) (D:14)
  A sky beast (D:7)
  20 orc warriors
  6 black bears
  4 ice beasts
  5 ogres
  A vampire mosquito zombie (D:13)
  18 wolves
  13 centaurs
  6 kobold brigands
  10 bullfrogs
  10 small abominations (Lair:6)
  A necrophage (D:4)
  Blork the orc (D:6)
  5 gnoll sergeants
  2 scorpions
  10 wights
  9 howler monkeys
  8 vampire bats (Bailey)
  9 wolf zombies (Bailey)
  3 electric eels (Lair:6)
  9 lava snakes (Volcano)
  A centaur zombie (D:13)
  Crazy Yiuf (D:6)
  16 orc priests
  Ijyb (D:4)
  Jessica (D:2)
  5 gnoll boudas
  Natasha (thrice) (D:2)
  An iguana (D:5)
  24 orc wizards
  Robin (D:4)
  41 gnolls
  10 adders
  2 river rats (Sewer)
  A shadow imp (D:5)
  A white imp (D:7)
  An ufetubus (D:6)
  5 worms
  A dart slug (D:3)
  47 orcs
  4 bats
  8 endoplasms
  3 giant cockroaches
  17 goblins
  13 hobgoblins
  6 jackals
  4 quokkas
  6 ball pythons
  3 frilled lizards
  A gnoll zombie (Orc:2)
  25 kobolds
  23 orc zombies
  8 rats
895 creatures vanquished.

Vanquished Creatures (collateral kills)
  Jorgrun (Shoals:3)
  Polyphemus (Shoals:3)
  An azure jelly (D:15)
  Ilsuiw (Shoals:2)
  A ghost moth (Spider:3)
  5 emperor scorpions
  A broodmother (Spider:4)
  A quicksilver ooze (D:15)
  An ironbound preserver (D:13)
  A stone giant (D:15)
  An entropy weaver (Spider:3)
  A spark wasp (Spider:4)
  2 merfolk javelineers (Shoals:3)
  A merfolk impaler (Shoals:2)
  A great orb of eyes (D:15)
  A hydra (D:14)
  2 boulder beetles
  A catoblepas (Lair:6)
  A merfolk avatar (Shoals:2)
  A centaur warrior (Shoals:1)
  A two-headed ogre (D:13)
  The ghost of Nol Upoh the Fighter, a journeyman GrFi of the Shining One (D:15)
  2 radroaches
  7 death yaks
  A death knight (D:13)
  An orc high priest (Orc:2)
  3 skeletal warriors (D:15)
  3 orb spiders
  A steelbarb worm (Spider:2)
  A deep troll (D:15)
  3 pharaoh ants
  A large abomination (Lair:6)
  5 sea snakes
  A wizard (D:15)
  An orc knight (Orc:2)
  9 harpies (Shoals:1)
  An oklob plant (Lair:4)
  5 wolf spiders
  3 manticores
  2 orc sorcerers (Orc:2)
  7 fauns
  6 ugly things
  3 cyclopes
  3 moths of wrath
  2 merfolk sirens
  7 elephants
  A black mamba (Lair:6)
  A gargoyle (D:12)
  3 cane toads
  A water nymph (Shoals:3)
  An eye of devastation (Lair:6)
  An orange demon (Lair:2)
  2 demonic crawlers
  An efreet (D:14)
  3 unseen horrors
  3 komodo dragons
  14 merfolk
  2 polar bears (Lair:6)
  2 trolls
  A wind drake (Shoals:1)
  13 tarantellas
  9 blink frogs
  A nameless horror (Shoals:3)
  A tarantella zombie (Spider:1)
  5 slime creatures
  A snapping turtle (Shoals:1)
  A meliai zombie (Spider:1)
  6 dream sheep
  9 jumping spiders
  9 culicivoras
  2 centaur simulacra (D:15)
  A jumping spider (shapeshifter) (D:15)
  A wyvern (Lair:4)
  7 yaks
  A vampire (D:12)
  2 golden eyes (D:15)
  2 water elementals (Shoals:3)
  4 basilisks
  A vampire mosquito (D:14)
  29 redbacks
  A chaos spawn (Lair:6)
  A warg (Orc:1)
  An acid dragon (D:13)
  An orc warrior (Orc:2)
  4 ogres
  2 black bears
  4 centaurs
  4 wolves
  3 small abominations (Lair:6)
  A scorpion (Lair:2)
  2 orc priests (Orc:2)
  A gnoll (Orc:2)
  4 orcs
  2 kobolds (D:6)
  A plant (Shoals:1)
279 creatures vanquished.

Vanquished Creatures (others)
  5 emperor scorpion zombies (Spider:4)
  A broodmother zombie (Spider:4)
  2 wolf spider zombies
  3 ugly thing zombies
  A cyclops zombie (Shoals:3)
  A stone giant zombie (D:15)
  6 orb spider zombies
  2 human zombies
  2 death yak zombies (Lair:6)
  2 sea snake zombies
  An unseen horror zombie (D:13)
  20 redback zombies
  A meliai (Spider:4)
  A demonic crawler zombie (Spider:2)
  A radroach zombie (Spider:4)
  3 harpy zombies (Shoals:1)
  A moth of wrath zombie (Spider:4)
  6 tarantella zombies
  4 jumping spider zombies
  3 meliai zombies
  A boulder beetle zombie (Spider:4)
  8 culicivora zombies
  A slime creature zombie (D:13)
  2 deep troll zombies (D:15)
  7 merfolk zombies (Shoals:3)
  A two-headed ogre zombie (D:13)
  A cane toad zombie (Lair:5)
  2 manticore zombies (D:13)
  3 elephant zombies (Lair:6)
  2 blink frog zombies (Lair:6)
  3 vampire mosquito zombies (D:14)
  2 rime drake zombies (Lair:6)
  A komodo dragon zombie (Lair:6)
  A bullfrog (Lair:1)
  A water moccasin zombie (Lair:4)
  A warg zombie (Orc:1)
  4 yak zombies
  A tengu zombie (D:14)
  A polar bear zombie (Lair:6)
  2 troll zombies
  A wolf zombie (Lair:2)
  6 centaur zombies
  An acid dragon zombie (D:13)
  2 ogre zombies (Orc:2)
  A gnoll zombie (Orc:2)
  An orc (Orc:2)
  24 orc zombies
  55 fungi
  76 plants
278 creatures vanquished.

Grand Total: 1452 creatures vanquished

Notes
Turn   | Place    | Note
-------+----------+-------------------------------------------
     0 | D:1      | flyleaff the Gnoll Wanderer began the quest for the Orb.
     0 | D:1      | flyleaff set off with the following items: a +1 falchion, a
                  | lightning rod (4/4), a scroll of fear, a +0 robe.
     0 | D:1      | Reached XP level 1. HP: 26/26 MP: 1/1
   231 | D:1      | Reached XP level 2. HP: 33/33 MP: 2/2
   675 | D:1      | Reached XP level 3. HP: 38/38 MP: 3/3
   675 | D:1      | Found a faded altar of an unknown god.
   733 | D:1      | Prayed at the altar of an unknown god.
   733 | D:1      | Became a worshipper of Sif Muna the Loreminder
   733 | D:1      | Reached * piety under Sif Muna
  1326 | D:2      | Noticed Natasha
  1338 | D:2      | Killed Natasha
  1339 | D:2      | Reached skill level 1 in Short Blades
  1339 | D:2      | Reached skill level 1 in Axes
  1339 | D:2      | Reached skill level 1 in Maces & Flails
  1339 | D:2      | Reached skill level 1 in Polearms
  1339 | D:2      | Reached skill level 1 in Staves
  1339 | D:2      | Reached skill level 1 in Ranged Weapons
  1339 | D:2      | Reached skill level 1 in Throwing
  1339 | D:2      | Reached skill level 1 in Dodging
  1339 | D:2      | Reached skill level 1 in Stealth
  1339 | D:2      | Reached skill level 1 in Shields
  1339 | D:2      | Reached skill level 1 in Unarmed Combat
  1339 | D:2      | Reached skill level 1 in Spellcasting
  1339 | D:2      | Reached skill level 1 in Invocations
  1339 | D:2      | Reached XP level 4. HP: 24/45 MP: 5/5
  1495 | D:2      | Noticed Natasha
  1496 | D:2      | Killed Natasha
  1497 | D:2      | Reached skill level 1 in Conjurations
  1497 | D:2      | Reached skill level 1 in Hexes
  1497 | D:2      | Reached skill level 1 in Summonings
  1497 | D:2      | Reached skill level 1 in Necromancy
  1497 | D:2      | Reached skill level 1 in Translocations
  1497 | D:2      | Reached skill level 1 in Transmutations
  1497 | D:2      | Reached skill level 1 in Fire Magic
  1497 | D:2      | Reached skill level 1 in Ice Magic
  1497 | D:2      | Reached skill level 1 in Air Magic
  1497 | D:2      | Reached skill level 1 in Earth Magic
  1497 | D:2      | Reached skill level 1 in Poison Magic
  1531 | D:2      | Noticed Natasha
  1537 | D:2      | Killed Natasha
  1978 | D:2      | Reached XP level 5. HP: 48/51 MP: 7/7
  1981 | D:2      | Noticed Jessica
  1985 | D:2      | Killed Jessica
  2414 | D:3      | Noticed a kobold brigand
  2538 | D:3      | Noticed a kobold brigand
  2865 | D:3      | Reached ** piety under Sif Muna
  2876 | D:3      | Reached XP level 6. HP: 45/57 MP: 8/8
  4486 | D:4      | Found Vaasadis's One-of-a-Kind Rings.
  4541 | D:4      | Bought a +1 ring of protection for 30 gold pieces
  4573 | D:4      | Found a sacrificial altar of Ru.
  4584 | D:4      | Reached XP level 7. HP: 54/63 MP: 10/10
  4852 | D:4      | Found a radiant altar of Vehumet.
  4982 | D:4      | Noticed Robin
  4998 | D:4      | Killed Robin
  5206 | D:4      | Reached *** piety under Sif Muna
  5257 | D:4      | Noticed Ijyb
  5289 | D:4      | Killed Ijyb
  5805 | D:4      | Learned a level 1 spell: Magic Dart
  5808 | D:4      | Learned a level 2 spell: Searing Ray
  6038 | D:5      | Entered Level 5 of the Dungeon
  6285 | D:5      | Reached XP level 8. HP: 47/71 MP: 12/12
  6527 | D:5      | Found a staircase to the Ecumenical Temple.
  6543 | D:5      | Noticed Prince Ribbit
  6566 | D:5      | Killed Prince Ribbit
  7150 | D:5      | Found a basalt altar of Yredelemnul.
  7208 | D:5      | Learned a level 4 spell: Hailstorm
  7908 | D:6      | Found a glowing drain.
  7954 | Sewer    | Entered a sewer
  8080 | Sewer    | Found a glowing silver altar of Zin.
  8451 | D:6      | Reached XP level 9. HP: 63/77 MP: 14/14
  8455 | D:6      | Learned a level 3 spell: Frozen Ramparts
  8615 | D:6      | Reached **** piety under Sif Muna
  8790 | D:6      | Noticed Edmund
  8805 | D:6      | Killed Edmund
  8806 | D:6      | Reached skill level 5 in Long Blades
  8806 | D:6      | Reached skill level 5 in Armour
  9009 | D:6      | Noticed Sigmund
  9030 | D:6      | Killed Sigmund
  9175 | D:6      | Noticed Blork the orc
  9179 | D:6      | Killed Blork the orc
  9192 | D:6      | Found a runed translucent door.
  9193 | D:6      | Noticed Crazy Yiuf
  9204 | D:6      | Killed Crazy Yiuf
  9510 | D:6      | Found a burning altar of Makhleb.
  9510 | D:6      | Found an ornate altar of the Wu Jian Council.
  9742 | D:7      | Reached skill level 5 in Invocations
  9870 | D:7      | Found a broken altar of Ashenzari.
  9968 | D:7      | Found Joafew's Self-Improvement Boutique.
 10301 | D:8      | Noticed Psyche
 10317 | D:8      | Killed Psyche
 10318 | D:8      | Reached skill level 10 in Fighting
 10318 | D:8      | Reached skill level 5 in Short Blades
 10318 | D:8      | Reached skill level 5 in Axes
 10318 | D:8      | Reached skill level 5 in Maces & Flails
 10318 | D:8      | Reached skill level 5 in Polearms
 10318 | D:8      | Reached skill level 5 in Staves
 10318 | D:8      | Reached skill level 5 in Ranged Weapons
 10318 | D:8      | Reached skill level 5 in Throwing
 10318 | D:8      | Reached skill level 5 in Dodging
 10318 | D:8      | Reached skill level 5 in Stealth
 10318 | D:8      | Reached skill level 5 in Shields
 10318 | D:8      | Reached skill level 5 in Unarmed Combat
 10318 | D:8      | Reached skill level 5 in Spellcasting
 10318 | D:8      | Reached skill level 10 in Evocations
 10318 | D:8      | Reached XP level 10. HP: 80/85 MP: 17/17
 10806 | D:8      | Found a flagged portal.
 10824 | Bailey   | Entered a bailey
 10967 | Bailey   | Noticed a gargoyle
 10974 | Bailey   | Killed a gargoyle
 11045 | Bailey   | Identified the +1 robe "Kuggefuast" {Rampage rN+ Int+7}
 11373 | Bailey   | Identified the +1 cloak of Atheism {rF+ Will+ Str+3 Dex-4}
 11582 | Bailey   | Reached ***** piety under Sif Muna
 11582 | Bailey   | Received a gift from Sif Muna
 11594 | Bailey   | Got Sif Muna's Catalogue of Dark Companions {god gift}
 12242 | D:8      | Noticed Grum
 12251 | D:8      | Killed Grum
 12455 | D:8      | Found a white marble altar of Elyvilon.
 12456 | D:8      | Found a sparkling altar of Nemelex Xobeh.
 12456 | D:8      | Found an ancient bone altar of Kikubaaqudgha.
 12516 | D:8      | Reached skill level 5 in Conjurations
 12516 | D:8      | Reached skill level 5 in Hexes
 12516 | D:8      | Reached skill level 5 in Summonings
 12516 | D:8      | Reached skill level 5 in Necromancy
 12516 | D:8      | Reached skill level 5 in Translocations
 12516 | D:8      | Reached skill level 5 in Transmutations
 12516 | D:8      | Reached skill level 5 in Fire Magic
 12516 | D:8      | Reached skill level 5 in Ice Magic
 12516 | D:8      | Reached skill level 5 in Air Magic
 12516 | D:8      | Reached skill level 5 in Earth Magic
 12516 | D:8      | Reached skill level 5 in Poison Magic
 12516 | D:8      | Reached XP level 11. HP: 72/92 MP: 20/20
 12530 | D:8      | Learned a level 4 spell: Animate Dead
 12533 | D:8      | Learned a level 2 spell: Wereblood
 12706 | D:8      | Noticed Joseph
 12720 | D:8      | Paralysed by Joseph for 3 turns
 12727 | D:8      | Killed Joseph
 13175 | D:9      | Found a staircase to the Orcish Mines.
 13495 | D:9      | Noticed a two-headed ogre
 13505 | D:9      | Killed a two-headed ogre
 13970 | D:9      | Noticed a boulder beetle
 13990 | D:9      | Killed a boulder beetle
 14167 | D:9      | Found a hazy altar of Hepliaklqana.
 14170 | D:9      | Found a blossoming altar of Fedhas.
 14173 | D:9      | Found a shimmering altar of Xom.
 14183 | D:9      | Found a hide-covered altar of Uskayaw.
 14275 | D:10     | Entered Level 10 of the Dungeon
 14286 | D:10     | Found the amulet of Elemental Vulnerability {rPois rF--
                  | rC-- AC+8}
 14388 | D:10     | Found a shimmering blue altar of Sif Muna.
 14950 | D:11     | Identified the +7 dagger of Devotion {vorpal, Str+4}
 15063 | D:11     | Found a staircase to the Lair.
 15064 | D:11     | Noticed a two-headed ogre
 15108 | D:11     | Killed a two-headed ogre
 15122 | D:11     | Reached XP level 12. HP: 55/100 MP: 22/22
 15479 | D:11     | Found a stormy altar of Qazlal.
 15647 | D:11     | Received a gift from Sif Muna
 15755 | D:11     | Upgraded the game from 0.29-a0-857-g9b1aa3ac5b to
                  | 0.29-a0-870-g2c972031a6
 16233 | Lair:1   | Entered Level 1 of the Lair of Beasts
 16240 | Lair:1   | Noticed a catoblepas
 16262 | Lair:1   | Killed a catoblepas
 16702 | Lair:1   | Identified the +2 leather armour of Duty {Drain Regen+
                  | Slay+5 Stlth+}
 16938 | Lair:1   | Noticed a seven-headed hydra
 16950 | Lair:1   | Killed an eight-headed hydra
 17696 | Lair:2   | Noticed Nergalle
 17708 | Lair:2   | Killed Nergalle
 17727 | Lair:2   | Noticed a boulder beetle
 17750 | Lair:2   | Killed a boulder beetle
 17766 | Lair:2   | Noticed Gastronok
 17788 | Lair:2   | Killed Gastronok
 18051 | Lair:2   | Identified the +1 pair of gloves of the Ward {+Blink rElec
                  | rCorr Str-5}
 18123 | Lair:2   | Reached XP level 13. HP: 87/107 MP: 10/25
 18273 | Lair:2   | Noticed Amaemon
 18298 | Lair:2   | Killed Amaemon
 19042 | Lair:3   | Received a gift from Sif Muna
 19045 | Lair:3   | Got Sif Muna's Catalogue of Heat {god gift}
 19058 | Lair:3   | Learned a level 4 spell: Flame Wave
 19232 | Lair:3   | Found a hole to the Spider Nest.
 19866 | Lair:3   | Identified a scroll of acquirement
 19866 | Lair:3   | Acquired Qozut's Meditations on the Breezy Mountains
 19925 | Lair:3   | Learned a level 5 spell: Freezing Cloud
 21261 | Lair:4   | Found a staircase to the Shoals.
 21304 | Lair:4   | Reached XP level 14. HP: 74/116 MP: 11/27
 21307 | Lair:4   | Reached skill level 10 in Invocations
 21550 | Lair:4   | Found a transporter.
 21550 | Lair:4   | Noticed Ithra's ghost (journeyman OgTm)
 21575 | Lair:4   | Found a transporter.
 21600 | Lair:4   | Learned a level 4 spell: Dispel Undead
 21623 | Lair:4   | Killed Ithra's ghost
 22261 | Lair:5   | Received a gift from Sif Muna
 22262 | Lair:5   | Got Sif Muna's Incunabulum of Polar Terra Firma {god gift}
 22308 | Lair:5   | Found a dark tunnel.
 22490 | Volcano  | Entered a volcano
 22834 | Volcano  | Found a burning altar of Makhleb.
 22965 | Volcano  | Noticed a red draconian
 22977 | Volcano  | Killed a red draconian
 23955 | Lair:5   | Reached skill level 10 in Long Blades
 23955 | Lair:5   | Reached skill level 10 in Armour
 24668 | D:4      | Bought the ring "Ramep" {rF+++ rC- Str+6 Int+9 Dex+3} for
                  | 962 gold pieces
 24840 | Lair:1   | Learned a level 6 spell: Summon Cactus Giant
 24929 | Lair:6   | Entered Level 6 of the Lair of Beasts
 24973 | Lair:6   | Found a shimmering altar of Xom.
 25055 | Lair:6   | Found a viscous altar of Jiyva.
 25055 | Lair:6   | Found a staircase to the Slime Pits.
 25590 | Lair:6   | Reached skill level 10 in Short Blades
 25590 | Lair:6   | Reached skill level 10 in Axes
 25590 | Lair:6   | Reached skill level 10 in Maces & Flails
 25590 | Lair:6   | Reached skill level 10 in Polearms
 25590 | Lair:6   | Reached skill level 10 in Staves
 25590 | Lair:6   | Reached skill level 10 in Ranged Weapons
 25590 | Lair:6   | Reached skill level 10 in Throwing
 25590 | Lair:6   | Reached skill level 10 in Dodging
 25590 | Lair:6   | Reached skill level 10 in Stealth
 25590 | Lair:6   | Reached skill level 10 in Shields
 25590 | Lair:6   | Reached skill level 10 in Unarmed Combat
 25590 | Lair:6   | Reached skill level 10 in Spellcasting
 25720 | Lair:6   | Received a gift from Sif Muna
 25724 | Lair:6   | Reached XP level 15. HP: 53/123 MP: 6/29
 27826 | Lair:6   | Received a gift from Sif Muna
 27837 | Lair:6   | Got Sif Muna's Tractate on the Metamorphic Storm {god gift}
 28015 | Lair:6   | Found a corrupted altar of Lugonu.
 28015 | Lair:6   | Found a one-way gate to the infinite horrors of the Abyss.
 28332 | Lair:1   | Learned a level 5 spell: Borgnjor's Vile Clutch
 28336 | Lair:1   | Gained mutation: Your body sometimes deteriorates upon
                  | taking damage. [potion of mutation]
 28336 | Lair:1   | Gained mutation: You have large cloven feet. [potion of
                  | mutation]
 28336 | Lair:1   | Gained mutation: You have hoof-like feet. [potion of
                  | mutation]
 28337 | Lair:1   | Lost mutation: Your body sometimes deteriorates upon taking
                  | damage. [potion of mutation]
 28337 | Lair:1   | Lost mutation: You have hoof-like feet. [potion of
                  | mutation]
 28337 | Lair:1   | Gained mutation: You are frail. (-10% HP) [potion of
                  | mutation]
 28337 | Lair:1   | Gained mutation: You have a somewhat thin skeletal
                  | structure. (Dex +2, Stealth+) [potion of mutation]
 28337 | Lair:1   | Gained mutation: You are dopey. (Int -2) [potion of
                  | mutation]
 28338 | Lair:1   | Lost mutation: You are frail. (-10% HP) [potion of
                  | mutation]
 28338 | Lair:1   | Lost mutation: You are dopey. (Int -2) [potion of mutation]
 28338 | Lair:1   | Gained mutation: You have hoof-like feet. [potion of
                  | mutation]
 28339 | Lair:1   | Lost mutation: You have a somewhat thin skeletal structure.
                  | (Dex +2, Stealth+) [potion of mutation]
 28339 | Lair:1   | Lost mutation: You have hoof-like feet. [potion of
                  | mutation]
 28339 | Lair:1   | Gained mutation: You have supernaturally acute eyesight.
                  | (SInv) [potion of mutation]
 28340 | Lair:1   | Lost mutation: You have large cloven feet. [potion of
                  | mutation]
 28340 | Lair:1   | Lost mutation: You have supernaturally acute eyesight.
                  | (SInv) [potion of mutation]
 28340 | Lair:1   | Gained mutation: You are frail. (-10% HP) [potion of
                  | mutation]
 28340 | Lair:1   | Gained mutation: You are very frail. (-20% HP) [potion of
                  | mutation]
 28340 | Lair:1   | Gained mutation: Your spells are a little harder to cast,
                  | but a little more powerful. [potion of mutation]
 28341 | Lair:1   | Lost mutation: You are very frail. (-20% HP) [potion of
                  | mutation]
 28341 | Lair:1   | Lost mutation: You are frail. (-10% HP) [potion of
                  | mutation]
 28341 | Lair:1   | Lost mutation: Your spells are a little harder to cast, but
                  | a little more powerful. [potion of mutation]
 28341 | Lair:1   | Gained mutation: You have a pair of small horns on your
                  | head. [potion of mutation]
 28341 | Lair:1   | Gained mutation: You are somewhat resistant to further
                  | mutation. [potion of mutation]
 28482 | Spider:1 | Entered Level 1 of the Spider Nest
 29032 | Spider:1 | Identified the +5 dagger "Omiargh" {freeze, rPois Dex+5}
 29094 | Spider:1 | Received a gift from Sif Muna
 29473 | Spider:1 | Reached XP level 16. HP: 66/130 MP: 18/30
 29851 | Spider:1 | Upgraded the game from 0.29-a0-870-g2c972031a6 to
                  | 0.29-a0-885-gb26ba3297d
 30069 | Spider:1 | Learned a level 5 spell: Lee's Rapid Deconstruction
 30073 | Spider:1 | Learned a level 3 spell: Teleport Other
 33688 | Spider:3 | Learned a level 5 spell: Summon Mana Viper
 34155 | Spider:4 | Entered Level 4 of the Spider Nest
 35581 | Spider:4 | Reached XP level 17. HP: 138/139 MP: 8/32
 35591 | Spider:4 | Reached skill level 10 in Conjurations
 35591 | Spider:4 | Reached skill level 10 in Hexes
 35591 | Spider:4 | Reached skill level 10 in Summonings
 35591 | Spider:4 | Reached skill level 10 in Necromancy
 35591 | Spider:4 | Reached skill level 10 in Translocations
 35591 | Spider:4 | Reached skill level 10 in Transmutations
 35591 | Spider:4 | Reached skill level 10 in Fire Magic
 35591 | Spider:4 | Reached skill level 10 in Ice Magic
 35591 | Spider:4 | Reached skill level 10 in Air Magic
 35591 | Spider:4 | Reached skill level 10 in Earth Magic
 35591 | Spider:4 | Reached skill level 10 in Poison Magic
 36002 | Spider:4 | Got a gossamer rune of Zot
 37260 | Lair:1   | Learned a level 6 spell: Eringya's Noxious Bog
 37350 | Orc:1    | Entered Level 1 of the Orcish Mines
 37876 | Orc:1    | Received a gift from Sif Muna
 37877 | Orc:1    | Got Sif Muna's Excursus on Dislocated Earth {god gift}
 38047 | Orc:2    | Entered Level 2 of the Orcish Mines
 38605 | Orc:2    | Found a staircase to the Elven Halls.
 38670 | Orc:2    | Found Soterghuv's Assorted Antiques.
 38714 | Orc:2    | Found Doygha's Assorted Antiques.
 38719 | Orc:2    | Found Fuekykki's Armour Emporium.
 38725 | Orc:2    | Found Watenu's Antique Weapon Shop.
 39074 | Orc:2    | Bought a masterwork quarterstaff for 270 gold pieces
 39074 | Orc:2    | Identified the +7 quarterstaff "Roellul" {pain, Dex+5} (You
                  | bought it in a shop on level 2 of the Orcish Mines)
 39225 | D:4      | Bought the ring "Piahad" {rC+ rCorr} for 340 gold pieces
 41019 | D:13     | Lost mutation: You are somewhat resistant to further
                  | mutation. [potion of mutation]
 41019 | D:13     | Lost mutation: You have a pair of small horns on your head.
                  | [potion of mutation]
 41019 | D:13     | Gained mutation: Your system is resistant to poisons.
                  | (rPois) [potion of mutation]
 41019 | D:13     | Gained mutation: Your mind is acute. (Int +4, Str/Dex -1)
                  | [potion of mutation]
 41164 | D:13     | Found a gate to the Vaults.
 41647 | D:13     | Reached XP level 18. HP: 140/148 MP: 27/34
 41732 | D:13     | Noticed Urug
 41755 | D:13     | Killed Urug
 42586 | D:14     | Found a shadowy altar of Dithmenos.
 42691 | D:14     | Reached skill level 15 in Fighting
 42691 | D:14     | Reached skill level 15 in Evocations
 42952 | D:14     | Found an ornate altar of the Wu Jian Council.
 43217 | D:15     | Entered Level 15 of the Dungeon
 43265 | D:15     | Learned a level 7 spell: Spellforged Servitor
 43798 | D:15     | Found a runed translucent gate.
 43799 | D:15     | Found a runed translucent gate.
 43799 | D:15     | Found a runed translucent gate.
 43800 | D:15     | Noticed Nol Upoh's ghost (journeyman GrFi)
 43803 | D:15     | Found a viscous altar of Jiyva.
 43839 | D:15     | Killed Nol Upoh's ghost
 44715 | D:15     | Found a staircase to the Depths.
 45457 | Lair:1   | Upgraded the game from 0.29-a0-885-gb26ba3297d to
                  | 0.29-a0-887-gcbe080d7e0
 45572 | Shoals:1 | Entered Level 1 of the Shoals
 45580 | Shoals:1 | Received a gift from Sif Muna
 45676 | Lair:1   | Learned a level 6 spell: Iron Shot
 45683 | Lair:1   | Learned a level 5 spell: Metabolic Englaciation
 45758 | Shoals:1 | Got Sif Muna's Reference Book on Left-Handed Liturgies and
                  | the Wind {god gift}
 47237 | Shoals:2 | Noticed Roxanne
 47246 | Shoals:2 | Killed Roxanne
 47495 | Shoals:2 | Noticed Ilsuiw
 47507 | Shoals:2 | Killed Ilsuiw
 47852 | Shoals:3 | Found Buynaim's Armour Shoppe.
 48240 | Shoals:3 | Noticed Polyphemus
 48611 | Shoals:3 | Killed Polyphemus
 48623 | Shoals:3 | Reached XP level 19. HP: 127/155 MP: 13/36
 48628 | Shoals:3 | Received a gift from Sif Muna
 48629 | Shoals:3 | Got Giamm's Directory of Lethal Maleficent Rites {god gift}
 49207 | Shoals:3 | Noticed Jorgrun
 49213 | Shoals:3 | Killed Jorgrun
 49251 | Shoals:3 | Your ally Polyphemus died
 49851 | Shoals:4 | Entered Level 4 of the Shoals
 49926 | Shoals:4 | HP: 1/155 [drowned by a water nymph (11)]
 49927 | Shoals:4 | Drowned by a water nymph

Illustrated notes

Levels and vault maps discovered:
D:1:      dpeg_arrival_morbid_curiosity, layout_basic,
          hellmonk_ecumenical_altar_blasted, serial_corexii_hall,
          chequers_hall_statues_y, chequers_hall_statues_wall_a
D:2:      layout_rooms, serial_corexii_hall, chequers_hall_statues_corner_a,
          chequers_hall_statues_y, kennysheep_crisscross, uniq_natasha,
          uniq_jessica
D:3:      cheibrodos_thug_alley, layout_rooms
D:4:      layout_gridville, general_overflow_altar,
          nicolae_ru_great_annihilating_truth, nicolae_shop_unique_rings,
          kennysheep_generic_room_6, uniq_ijyb, uniq_robin
D:5:      layout_layer_cave, mainiacjoe_overflow_brackets, temple_fountains,
          nicolae_ossuary_entry_monument, uniq_prince_ribbit1
D:6:      layout_loops_ring, gammafunk_temple_overflow_wave,
          cheibrodos_sewer_entry_bend, uniq_edmund, uniq_crazy_yiuf_cottage,
          uniq_blork_the_orc, uniq_sigmund
D:7:      layout_rooms, lemuel_crystal_altar, nicolae_shop_self_help
D:8:      layout_loops_ring, chequers_temple_overflow_statue_of_worship,
          enter_bailey_3, uniq_joseph, uniq_psyche, uniq_grum
D:9:      layout_loops_ring, grunt_temple_overflow_cloverleaf,
          nicolae_figureground_pulse
D:10:     layout_roguey, mainiacjoe_overflow_concentric_impassable,
          eino_small_chamber_without_monster
D:11:     layout_cave_pods, david_lair_generic, nicolae_qazlal_scattered_showers
D:12:     layout_irregular_city
D:13:     layout_roguey, skrybe_vaults_entry_preservation, grunt_ministairs_6,
          kennysheep_minor_cross, eino_small_chamber_without_monster,
          minmay_checkerbox, uniq_urug
D:14:     layout_rooms, nzn_wu_jian_council_hall, grunt_dithmenos_smoke
D:15:     hangedman_depths_entry_civil_slaughter, layout_layer_cave,
          gammafunk_ghost_ooze, minmay_tree_intersection
Lair:1:   layout_regular_city, infiniplex_staircase_pool
Lair:2:   layout_chaotic_city, serial_bayou_pond_a, serial_bayou_shore_b,
          uniq_nergalle, uniq_amaemon, uniq_gastronok
Lair:3:   layout_roguey, spider_nest_entry_webs
Lair:4:   layout_gridlike, elwin_shoals_entry_stream, gammafunk_ghost_arena,
          nicolae_lair_run_with_the_wolves, grunt_megastairs_2
Lair:5:   layout_misc_corridors, nicolae_volcano_entry_batcave,
          cheibrodos_lair_reptile_den, grunt_megastairs_4, lemuel_fruit_tree
Lair:6:   hellmonk_lair_end_abyssal_woods, layout_gridlike,
          minmay_slime_entry_eyes, nicolae_quartered_pool_super,
          lemuel_centaur_altar
Shoals:1: layout_shoals
Shoals:2: layout_shoals, uniq_ilsuiw, uniq_roxanne
Shoals:3: layout_shoals, serial_shops, nicolae_shop_hallway_plus,
          uniq_polyphemus, uniq_jorgrun
Shoals:4: shoals_end_grunt_ice, layout_shoals
Spider:1: layout_cave_pods, nicolae_spider_undead_wolf_pack
Spider:2: layout_cave_pods
Spider:3: layout_spider_delve
Spider:4: guppyfry_spider_rune, drop_trap, nicolae_orb_island
Orc:1:    layout_caves
Orc:2:    st_orc_elflike, layout_caves, basic_altar

Skill      XL: |  1  2  3  4  5  6  7  8  9 10 11 12 13 14 15 16 17 18 |
---------------+-------------------------------------------------------+-----
Short Blades   | 1 2 3 5 6 7 8 9 10 11 12 13 | 13.3
Axes           | 1 2 3 5 6 7 8 9 10 11 12 13 | 13.3
Maces & Flails | 1 2 3 5 6 7 8 9 10 11 12 13 | 13.3
Polearms       | 1 2 3 5 6 7 8 9 10 11 12 13 | 13.3
Staves         | 1 2 3 5 6 7 8 9 10 11 12 13 | 13.3
Ranged Weapons | 1 2 3 5 6 7 8 9 10 11 12 13 | 13.3
Throwing       | 1 2 3 5 6 7 8 9 10 11 12 13 | 13.3
Dodging        | 1 2 3 5 6 7 8 9 10 11 12 13 | 13.3
Stealth        | 1 2 3 5 6 7 8 9 10 11 12 13 | 13.3
Shields        | 1 2 3 5 6 7 8 9 10 11 12 13 | 13.3
Unarmed Combat | 1 2 3 5 6 7 8 9 10 11 12 13 | 13.3
Spellcasting   | 1 2 3 5 6 7 8 9 10 11 12 13 | 13.3
Invocations    | 1 2 3 4 5 6 7 8 9 10 11 12 13 14 | 14.4
Conjurations   | 1 2 3 4 5 6 7 8 9 10 11 | 11.3
Hexes          | 1 2 3 4 5 6 7 8 9 10 11 | 11.3
Summonings     | 1 2 3 4 5 6 7 8 9 10 11 | 11.3
Necromancy     | 1 2 3 4 5 6 7 8 9 10 11 | 11.3
Translocations | 1 2 3 4 5 6 7 8 9 10 11 | 11.3
Transmutations | 1 2 3 4 5 6 7 8 9 10 11 | 11.3
Fire Magic     | 1 2 3 4 5 6 7 8 9 10 11 | 11.3
Ice Magic      | 1 2 3 4 5 6 7 8 9 10 11 | 11.3
Air Magic      | 1 2 3 4 5 6 7 8 9 10 11 | 11.3
Earth Magic    | 1 2 3 4 5 6 7 8 9 10 11 | 11.3
Poison Magic   | 1 2 3 4 5 6 7 8 9 10 11 | 11.3
Long Blades    | 3 4 5 6 7 8 9 10 11 12 13 | 13.5
Armour         | 3 4 5 6 7 8 9 10 11 12 13 | 13.5
Fighting       | 9 10 11 12 13 14 15 | 15.5
Evocations     | 9 10 11 12 13 14 15 | 15.5

Action                   |  1- 3 |  4- 6 |  7- 9 | 10-12 | 13-15 | 16-18 | 19-21 || total
-------------------------+-------+-------+-------+-------+-------+-------+-------++-------
Melee: Falchion          |    93 |   212 |   101 |       |       |       |       ||   406
       Bite              |    12 |    16 |    71 |   125 |   122 |    77 |       ||   423
       Punch             |       |     2 |    16 |     3 |     4 |    18 |     1 ||    44
       Short sword       |       |       |   275 |    62 |       |       |       ||   337
       Dagger            |       |       |   153 |       |    35 |   313 |     3 ||   504
       Lajatang          |       |       |    21 |   865 |   501 |    58 |       ||  1445
       Quarterstaff      |       |       |       |    68 |       |       |       ||    68
       Dire flail        |       |       |       |     9 |   351 |       |       ||   360
       Headbutt          |       |       |       |       |    16 |    71 |       ||    87
Throw: Dart              |       |       |       |    14 |    30 |    41 |     9 ||    94
       Boomerang         |       |       |       |       |       |     1 |       ||     1
 Cast: Searing Ray       |       |       |       |     1 |     2 |       |       ||     3
       Frozen Ramparts   |       |       |       |    10 |    13 |     2 |       ||    25
       Wereblood         |       |       |       |     3 |    11 |       |       ||    14
       Animate Dead      |       |       |       |     1 |    15 |    25 |     1 ||    42
       Flame Wave        |       |       |       |       |    14 |     8 |       ||    22
       Hailstorm         |       |       |       |       |     7 |       |       ||     7
       Dispel Undead     |       |       |       |       |     6 |       |       ||     6
       Summon Cactus Gia |       |       |       |       |     6 |    33 |     5 ||    44
       Freezing Cloud    |       |       |       |       |     2 |    17 |       ||    19
       Borgnjor's Vile C |       |       |       |       |     4 |   284 |    18 ||   306
       Summon Mana Viper |       |       |       |       |       |    12 |       ||    12
       Eringya's Noxious |       |       |       |       |       |     5 |       ||     5
       Lee's Rapid Decon |       |       |       |       |       |     2 |       ||     2
       Spellforged Servi |       |       |       |       |       |    18 |     7 ||    25
       Iron Shot         |       |       |       |       |       |    16 |     3 ||    19
       Metabolic Englaci |       |       |       |       |       |     4 |       ||     4
Invok: Channel Magic     |       |       |       |       |       |     9 |       ||     9
       Forget Spell      |       |       |       |       |       |     6 |       ||     6
Evoke: Lightning rod     |     2 |    10 |     7 |     5 |     4 |     4 |     1 ||    33
       Wand              |       |       |     7 |     5 |     5 |     2 |       ||    19
       Box of beasts     |       |       |       |       |       |     2 |       ||     2
       Tin of tremorston |       |       |       |       |       |     1 |       ||     1
  Use: Scroll            |       |    10 |     3 |     7 |    10 |    12 |       ||    42
       Potion            |       |     5 |     2 |     6 |     8 |    14 |     2 ||    37
 Stab: Invisible         |       |     1 |       |       |       |     1 |       ||     2
       Paralysed         |       |       |     2 |     2 |       |       |       ||     4
       Sleeping          |       |       |     4 |    13 |    11 |     9 |       ||    37
       Confused          |       |       |       |     1 |       |       |       ||     1
       Petrified         |       |       |       |     1 |       |       |       ||     1
       Distracted        |       |       |       |       |     6 |     5 |       ||    11
Armor: Robe              |    29 |    35 |    46 |       |   183 |   165 |     8 ||   466
       Skin              |       |    32 |       |       |       |       |       ||    32
       Leather armour    |       |       |   209 |   230 |       |       |       ||   439
       Quicksilver drago |       |       |       |   307 |   222 |       |       ||   529
Dodge: Dodged            |    89 |   117 |   363 |  1210 |  1092 |   435 |    31 ||  3337
Block: Other             |       |       |       |       |       |    68 |     6 ||    74
       Orb               |       |       |       |       |       |    27 |       ||    27
       Reflection        |       |       |       |       |       |     5 |     1 ||     6

Table legend: (Time is in decaauts)
 A = Elapsed time spent in this place.
 B = Non-inter-level travel time spent in this place.
 C = Inter-level travel time spent in this place.
 D = Time resting spent in this place.
 E = Time spent auto-exploring this place.
 F = Levels seen in this place.
 G = Mean time per level.
                   A        B        C        D        E       F      G
               +--------+--------+--------+--------+--------+-----+--------+
         Total |  49980 |  46711 |   3269 |   2586 |  34590 |  34 | 1470.0 |
       Dungeon |  21870 |  20262 |   1608 |    962 |  15093 |  15 | 1458.0 |
          Lair |  10954 |  10100 |    854 |    586 |   7267 |   6 | 1825.7 |
        Shoals |   4360 |   4177 |    183 |    165 |   3268 |   4 | 1090.0 |
   Spider Nest |   8628 |   8112 |    516 |    834 |   6106 |   4 | 2157.0 |
  Orcish Mines |   1611 |   1505 |    106 |      0 |   1165 |   2 |  805.5 |
         Sewer |    206 |    206 |      0 |      0 |    133 |   1 |  206.0 |
        Bailey |   1094 |   1094 |      0 |      0 |    768 |   1 | 1094.0 |
       Volcano |   1254 |   1254 |      0 |     39 |    789 |   1 | 1254.0 |
               +--------+--------+--------+--------+--------+-----+--------+

Top non-repeatable levels by time:
  Lair:6: 3284 daAuts
Spider:3: 3173 daAuts
Spider:4: 2270 daAuts
    D:15: 2131 daAuts
Spider:1: 2054 daAuts
     D:8: 1825 daAuts
  Lair:4: 1800 daAuts
Shoals:3: 1789 daAuts
     D:6: 1775 daAuts
     D:5: 1749 daAuts
     D:4: 1748 daAuts
Shoals:2: 1746 daAuts
  Lair:1: 1729 daAuts
    D:11: 1691 daAuts
     D:2: 1686 daAuts
